 Dungeon Crawl Stone Soup version 0.26-a0-64-g059e62fbdb (webtiles) character file.

Game seed: 16483339559522646458

9546 Nixze the Thaumaturge (level 11, -3/80 HPs)
             Began as a Mummy Summoner on June 10, 2020.
             Was an Elder of Sif Muna.
             Killed from afar by a rime drake (11 damage)
             ... with a flash freeze
             ... on level 2 of the Lair of Beasts.
             The game lasted 00:56:17 (20509 turns).

Nixze the Thaumaturge (Mummy Summoner)             Turns: 20509, Time: 00:56:18

Health: -3/80      AC: 10    Str: 12    XL:     11   Next: 24%
Magic:  16/25      EV: 11    Int: 17    God:    Sif Muna [****..]
Gold:   239        SH: 10    Dex: 13    Spells: 23/30 levels left

rFire    x . .     SeeInvis .   b - +0 trident
rCold    + . .     Gourm    .   w - +0 buckler
rNeg     + + +     Faith    .   B - +0 troll leather armour
rPois    ∞         Spirit   .   (no helmet)
rElec    .         Reflect  +   r - +0 cloak
rCorr    .         Harm     .   n - +0 pair of gloves
MR       ++...                  (no boots)
Stlth    ++........             p - amulet of reflection
HPRegen  0.63/turn              y - ring of protection from magic
MPRegen  0.19/turn              o - +4 ring of protection

@: about to teleport, studying Polearms
A: no food or potions, fire vulnerability, cold resistance 1, negative energy
resistance 3, torment resistance, unbreathing
a: Channel Magic, Forget Spell, Divine Exegesis, Renounce Religion


You were on level 2 of the Lair of Beasts.
You worshipped Sif Muna.
Sif Muna was greatly pleased with you.
You were not hungry.

You visited 3 branches of the dungeon, and saw 14 of its levels.
You also visited: Ossuary.

You collected 569 gold pieces.
You spent 330 gold pieces at shops.

Inventory:

Hand Weapons
 b - a +0 trident (weapon)
Missiles
 d - 15 javelins
 f - 238 stones (quivered)
Armour
 j - a +2 kite shield of protection
 n - a +0 pair of gloves (worn)
 r - a +0 cloak (worn)
 w - a +0 buckler (worn)
 B - a +0 troll leather armour (worn)
 D - a +1 robe of cold resistance
Magical Staves
 a - an uncursed staff of summoning
Jewellery
 o - a +4 ring of protection (right hand)
 p - an amulet of reflection (around neck)
 s - a +4 ring of slaying
 y - a ring of protection from magic (left hand)
Wands
 h - a wand of flame (26)
 l - a wand of acid (6)
 t - a wand of paralysis (7)
 u - a wand of random effects (16)
Scrolls
 c - 8 scrolls of remove curse
 i - 4 scrolls of identify
 k - 4 scrolls of amnesia
 q - a scroll of fog
 v - a scroll of enchant armour
 x - a scroll of teleportation
 z - 3 scrolls of enchant weapon
 C - a scroll of vulnerability
Books
 A - a manual of Polearms


   Skills:
 + Level 5.6 Fighting
 + Level 3.9 Polearms
 - Level 1.5 Dodging
 - Level 1.5 Stealth
 * Level 6.8 Shields
 * Level 10.2 Spellcasting
 * Level 8.2 Summonings
 + Level 4.6 Air Magic
 + Level 4.0 Invocations


You had 23 spell levels left.
You knew the following spells:

 Your Spells              Type           Power        Failure   Level  Hunger
a - Summon Small Mammal   Summ           ####         1%          1    N/A
b - Call Imp              Summ           #####...     1%          2    N/A
c - Summon Lightning Spi  Summ/Air       ####....     8%          4    N/A

Your spell library contained the following spells:

 Spells                   Type           Power        Failure   Level  Hunger
 Call Canine Familiar     Summ           #####...     1%          3    N/A
 Corpse Rot               Necr/Air       N/A          6%          2    N/A
 Poisonous Vapours        Pois/Air       ###...       6%          2    N/A
 Summon Guardian Golem    Hex/Summ       ###.....     6%          3    N/A
 Mephitic Cloud           Conj/Pois/Air  ##......     17%         3    N/A
 Summon Ice Beast         Ice/Summ       ###.....     19%         4    N/A
 Conjure Flame            Conj/Fire      #.......     32%         3    N/A
 Stone Arrow              Conj/Erth      #.....       32%         3    N/A
 Vampiric Draining        Necr           #.........   32%         3    N/A
 Summon Forest            Summ/Tloc      ###.......   47%         5    N/A
 Olgreb's Toxic Radiance  Pois           #.......     71%         4    N/A
 Borgnjor's Vile Clutch   Necr/Erth      #.........   96%         5    N/A
 Summon Hydra             Summ           #####.....   97%         7    N/A
 Eringya's Noxious Bog    Tmut/Pois      #.........   100%        6    N/A
 Freezing Cloud           Conj/Ice/Air   ##........   100%        6    N/A
 Ring of Flames           Chrm/Fire      #.........   100%        7    N/A
 Sublimation of Blood     Necr           Unusable     N/A         2    N/A
 Hydra Form               Tmut           Unusable     N/A         6    N/A

Dungeon Overview and Level Annotations

Branches:
Dungeon (11/15)            Temple (1/1) D:4            Lair (2/6) D:10
Ossuary (visited)
  Swamp: Lair:2-4    Shoals: Lair:2-4     Snake: Lair:2-4    Spider: Lair:2-4
    Orc: D:9-12

Altars:
Ashenzari
Cheibriados
Dithmenos
Elyvilon
Fedhas
Gozag
Hepliaklqana
Kikubaaqudgha
Makhleb
Nemelex Xobeh
Okawaru
Qazlal
Ru
Sif Muna
Trog
Uskayaw
Vehumet
Wu Jian
Xom
Yredelemnul
Zin
The Shining One

Shops:
D:9 =   D:10 [

Portals:
Trove: D:10 (give +4 fire dragon scales)

Annotations:
D:4 Pikel
D:11 Snorg


Innate Abilities, Weirdness & Mutations

You do not eat or drink.
Your flesh is vulnerable to fire.
You are immune to poison.
Your flesh is cold resistant. (rC+)
You are immune to negative energy. (rN+++)
You are immune to unholy pain and torment.
You can survive without breathing.


Message History

The bolt of electricity misses the rime drake. x2
A bolt of electricity appears from out of your range of vision.
The bolt of electricity hits the steam dragon!
The bolt of electricity hits the rime drake!
You block the rime drake's attack. The ice encasing you melts away.
The rime drake breathes ice at you. The flash freeze hits you!!
You partially resist.
* * * LOW HITPOINT WARNING * * *
You are encased in ice.
As you read the scroll of teleportation, it crumbles to dust.
You feel strangely unstable. The rime drake barely misses you.
You can't drink.
The rime drake bites you but does no damage.
The ice encasing you melts away. The steam dragon breathes steam at you.
The ball of steam misses you. The rime drake breathes ice at you.
The flash freeze hits you! You partially resist.
You die...

### ##.##
#...####
#...§#P## ##
##..§....##
#P###.#@#.....#
##.....Dk#....##
P.....#....###.#
..........## #
..........##
..#.#....#.# #
###.#.## #..###
##.#


You could see a rime drake (catching breath) and a steam dragon (catching
breath).

Vanquished Creatures
  A hydra (D:8)
  A centaur skeleton (D:10)
  A troll (D:9)
  Prince Ribbit (D:7)
  2 yaks
  A basilisk (Lair:1)
  A hungry ghost (D:9)
  A water moccasin (D:8)
  A black bear (D:8)
  2 sky beasts
  3 ice beasts
  A phantom (D:7)
  An ogre (D:8)
  5 centaurs
  6 bullfrogs
  2 water moccasin zombies (Ossuary)
  A wyvern skeleton (D:8)
  2 scorpions
  A howler monkey (D:6)
  3 centaur zombies
  4 crimson imps
  2 bullfrog zombies (Ossuary)
  2 jellies
  2 orc priests
  A bullfrog skeleton (D:8)
  A gnoll shaman (D:6)
  A hound (D:7)
  An orc wizard (D:6)
  4 worker ants
  A killer bee zombie (D:9)
  A hound zombie (Ossuary)
  9 mummies (Ossuary)
  3 howler monkey zombies
  3 worker ant zombies (Ossuary)
  5 adders
  A gnoll (D:6)
  A howler monkey skeleton (D:4)
  A shadow imp (D:6)
  4 adder zombies
  A worm (D:2)
  3 dart slugs
  3 leopard geckos
  14 orcs
  7 giant cockroaches
  4 goblins
  5 hobgoblins
  2 quokkas
  3 bats
  6 frilled lizards
  A jackal zombie (Ossuary)
  6 kobolds
  A leopard gecko skeleton (D:9)
  2 quokka skeletons
  5 rats
  A withered plant (Ossuary)
148 creatures vanquished.

Vanquished Creatures (collateral kills)
  A hydra (Lair:1)
  A two-headed ogre (D:10)
  A cyclops (D:8)
  An ugly thing (D:10)
  2 black mambas
  A rime drake (Lair:1)
  2 trolls
  A hippogriff (Lair:1)
  A spriggan (D:7)
  15 yaks
  2 steam dragons (Lair:2)
  2 wargs
  Duvessa (D:7)
  2 porcupines (Lair:1)
  A black bear (D:9)
  A sky beast (D:6)
  A slave (D:3)
  5 orc warriors
  An ice beast (D:7)
  3 ogres
  3 crocodiles
  6 bullfrogs
  A wyvern skeleton (D:8)
  2 scorpions
  Dowan (D:7)
  2 howler monkeys (D:9)
  A bullfrog zombie (Ossuary)
  2 crimson imps
  A quasit (D:9)
  3 jellies
  A centaur zombie (Ossuary)
  3 hounds
  4 orc priests
  2 centaur skeletons
  7 orc wizards
  5 mummies (Ossuary)
  Natasha (thrice) (D:4)
  An iguana (D:6)
  4 worker ants
  A killer bee zombie (D:9)
  A hound zombie (Ossuary)
  2 worker ant zombies (Ossuary)
  2 gnolls (D:6)
  8 adders
  2 adder zombies
  2 adder skeletons (D:6)
  3 dart slugs
  A leopard gecko (D:9)
  22 orcs
  2 goblins
  A hobgoblin (D:1)
  A quokka (D:10)
  A ball python zombie (Ossuary)
  3 bats
  4 frilled lizards
  A jackal zombie (Ossuary)
  4 kobolds (D:2)
  A quokka zombie (Ossuary)
159 creatures vanquished.

Vanquished Creatures (others)
  A fungus (Lair:2)
1 creature vanquished.

Grand Total: 308 creatures vanquished

Notes
Turn   | Place    | Note
-------+----------+-------------------------------------------
     0 | D:1      | Nixze the Mummy Summoner began the quest for the Orb.
     0 | D:1      | Reached XP level 1. HP: 13/13 MP: 4/4
   657 | D:1      | Reached XP level 2. HP: 16/19 MP: 2/5
  1614 | D:1      | Learned a level 2 spell: Call Imp
  1817 | D:2      | Reached XP level 3. HP: 21/24 MP: 4/7
  2820 | D:2      | Reached XP level 4. HP: 26/30 MP: 8/8
  3223 | D:3      | Reached skill level 3 in Spellcasting
  3949 | D:3      | Learned a level 4 spell: Summon Lightning Spire
  3992 | D:3      | Reached skill level 1 in Shields
  4577 | D:4      | Found a hide-covered altar of Uskayaw.
  4654 | D:4      | Reached skill level 1 in Fighting
  4838 | D:4      | Found a staircase to the Ecumenical Temple.
  4856 | Temple   | Entered the Ecumenical Temple
  4869 | Temple   | Became a worshipper of Sif Muna the Loreminder
  5074 | D:4      | Noticed Natasha
  5079 | D:4      | Killed Natasha
  5079 | D:4      | Reached XP level 5. HP: 32/37 MP: 4/10
  5414 | D:4      | Noticed Natasha
  5429 | D:4      | Killed Natasha
  5641 | D:4      | Noticed Natasha
  5658 | D:4      | Killed Natasha
  5908 | D:4      | Noticed a slave
  5908 | D:4      | Noticed a slave
  5908 | D:4      | Noticed a slave
  5908 | D:4      | Noticed a slave
  5909 | D:4      | Noticed Pikel
  5951 | D:3      | Killed a slave
  6128 | D:5      | Entered Level 5 of the Dungeon
  6239 | D:5      | Reached skill level 4 in Spellcasting
  6239 | D:5      | Reached XP level 6. HP: 40/43 MP: 7/12
  6412 | D:5      | Reached skill level 1 in Air Magic
  6585 | D:5      | Got a slimy hunting sling
  6587 | D:5      | Identified the +11 hunting sling of the Warrior {venom,
                  | *Contam rN+ Stlth+} (You found it on level 5 of the
                  | Dungeon)
  7350 | D:5      | Noticed an ice beast
  7376 | D:5      | Killed an ice beast
  7376 | D:5      | Reached skill level 5 in Summonings
  8037 | D:6      | Identified Seexide's Catalogue of Ghastly Poison
  8069 | D:6      | Reached XP level 7. HP: 39/50 MP: 3/14
  8116 | D:6      | Reached skill level 5 in Spellcasting
  8136 | D:6      | Found a sand-covered staircase.
  8146 | Ossuary  | Entered an ossuary
  8261 | Ossuary  | Reached * piety under Sif Muna
  8646 | Ossuary  | Reached XP level 8. HP: 52/57 MP: 11/16
  8838 | Ossuary  | Reached skill level 6 in Spellcasting
  9094 | D:6      | Reached ** piety under Sif Muna
 10347 | D:7      | Noticed Duvessa
 10348 | D:7      | Noticed Dowan
 10353 | D:7      | Killed Dowan
 10421 | D:7      | Killed Duvessa
 10421 | D:7      | Reached skill level 1 in Invocations
 10718 | D:7      | Noticed Prince Ribbit
 11385 | D:7      | Killed Prince Ribbit
 11385 | D:7      | Reached skill level 7 in Spellcasting
 11960 | D:7      | Reached XP level 9. HP: 54/64 MP: 8/19
 12349 | D:8      | Reached *** piety under Sif Muna
 12622 | D:8      | Noticed a cyclops
 13547 | D:8      | Noticed a six-headed hydra
 13568 | D:8      | Killed a six-headed hydra
 13568 | D:8      | Reached skill level 5 in Shields
 13568 | D:8      | Reached skill level 8 in Spellcasting
 14499 | D:8      | Killed a cyclops
 14499 | D:8      | Reached skill level 1 in Polearms
 15032 | D:9      | Reached XP level 10. HP: 73/73 MP: 14/22
 15695 | D:9      | Found Peown's Jewellery Shop.
 15703 | D:9      | Bought an uncursed amulet of reflection for 330 gold pieces
 16563 | D:10     | Entered Level 10 of the Dungeon
 16603 | D:10     | Noticed a two-headed ogre
 16677 | D:10     | Found a staircase to the Lair.
 16869 | D:11     | Reached **** piety under Sif Muna
 16869 | D:11     | Reached skill level 9 in Spellcasting
 16869 | D:11     | Noticed Snorg
 17347 | D:10     | Killed a two-headed ogre
 17727 | D:10     | Reached skill level 5 in Fighting
 18397 | D:10     | Found a portal to a secret trove of treasure.
 18699 | D:10     | Noticed a purple ugly thing
 18707 | D:10     | Killed a purple ugly thing
 18832 | D:10     | Found Xeovehij's Antique Armour Shoppe.
 19033 | Lair:1   | Entered Level 1 of the Lair of Beasts
 19297 | Lair:1   | Noticed a four-headed hydra
 19310 | Lair:1   | Killed a four-headed hydra
 19310 | Lair:1   | Reached XP level 11. HP: 68/80 MP: 21/24
 19734 | Lair:1   | Reached skill level 10 in Spellcasting
 19787 | Lair:1   | You fall into a shaft and drop 1 floor!
 20509 | Lair:2   | Killed from afar by a rime drake

Illustrated notes

Levels and vault maps discovered:
D:1:      minmay_arrival_shoal_huts, layout_basic, minmay_tetromino_s4
D:2:      layout_loops_cross, first_ration, chequers_serial_rivers_room_b
D:3:      layout_basic
D:4:      layout_cave_pods, nicolae_overflow_crystal_walls,
          minmay_temple_entry_ruins, uniq_natasha, uniq_pikel
D:5:      layout_gridville
D:6:      layout_basic, lightli_ossuary_entry_decrepit_ruins
D:7:      layout_basic, the_bakery, mrwooster_statue_mirror,
          minmay_strange_pillars, uniq_duvessa, uniq_prince_ribbit1
D:8:      layout_basic, minmay_manual_mail
D:9:      layout_irregular_city, serial_shops, nicolae_shop_waterfront
D:10:     layout_loops_cross, erik_lair_orcish_takeover, serial_shops,
          nicolae_shop_overgrown_old_shop, nicolae_trove_entry_columns
D:11:     layout_stronghold, uniq_snorg
Temple:   minmay_crystal_snake_temple
Lair:1:   layout_chaotic_city
Lair:2:   layout_misc_corridors, bobbens_dragon_lair_wall

Skill      XL: |  1  2  3  4  5  6  7  8  9 10 11 |
---------------+----------------------------------+-----
Summonings     | 4 5 6 7 8 |  8.2
Spellcasting   | 3 4 5 7 8 9 10 | 10.2
Shields        | 1 2 3 4 5 6 |  6.8
Fighting       | 1 2 3 4 5 |  5.6
Air Magic      | 1 2 3 4 |  4.6
Invocations    | 1 2 3 4 |  4.0
Polearms       | 1 3 |  3.9
Dodging        | |  1.5
Stealth        | |  1.5

Action                   |  1- 3 |  4- 6 |  7- 9 | 10-12 || total
-------------------------+-------+-------+-------+-------++-------
Melee: Club              |    20 |       |       |       ||    20
       Unarmed           |     5 |       |       |       ||     5
       Hand axe          |    57 |   135 |       |       ||   192
       Spear             |     4 |    16 |   275 |       ||   295
       Staff             |       |       |    65 |     1 ||    66
       Dagger            |       |       |     4 |       ||     4
       Trident           |       |       |    65 |   281 ||   346
Throw: Javelin           |     2 |       |       |       ||     2
       Stone             |     3 |    11 |       |     1 ||    15
 Cast: Summon Small Mamm |    22 |       |       |       ||    22
       Call Imp          |    13 |    55 |   138 |    90 ||   296
       Summon Lightning  |       |       |     6 |    68 ||    74
Evoke: Wand              |       |       |     4 |     6 ||    10
  Use: Scroll            |       |     6 |     4 |    14 ||    24
 Stab: Distracted        |     2 |       |     8 |     5 ||    15
       Sleeping          |     4 |     2 |     4 |       ||    10
Armor: Robe              |    17 |    34 |    34 |       ||    85
       Leather armour    |       |       |    36 |     3 ||    39
       Troll leather arm |       |       |       |    75 ||    75
Dodge: Dodged            |    63 |    89 |   164 |   128 ||   444
Block: Buckler           |       |       |    57 |   137 ||   194
       Kite shield       |       |       |       |    11 ||    11
       Reflection        |       |       |       |     4 ||     4

Table legend:
 A = Non-vault XP
 B = Vault XP
 C = Vault XP percentage of total XP
 D = Non-vault monster count
 E = Vault monster count
 F = Vault count percentage of total count
                 A         B        C        D         E       F
            +---------+---------+-------+---------+---------+-------
      Total |   11358 |    2280 |  16.7 |     245 |      60 |  19.7
            +---------+---------+-------+---------+---------+-------
        D:1 |      26 |       3 |  10.3 |      17 |       2 |  10.5
        D:2 |      71 |       0 |   0.0 |      30 |       0 |   0.0
        D:3 |      45 |       0 |   0.0 |      13 |       0 |   0.0
        D:4 |     134 |      18 |  11.8 |      11 |       1 |   8.3
        D:5 |     396 |       0 |   0.0 |      12 |       0 |   0.0
        D:6 |     796 |       0 |   0.0 |      33 |       0 |   0.0
        D:7 |     377 |     426 |  53.1 |      17 |       4 |  19.0
        D:8 |    1849 |     615 |  25.0 |      20 |       6 |  23.1
        D:9 |    1364 |      78 |   5.4 |      36 |       1 |   2.7
       D:10 |    2533 |     286 |  10.1 |      28 |       9 |  24.3
       D:11 |     329 |       0 |   0.0 |       4 |       0 |   0.0
     Lair:1 |    2958 |       0 |   0.0 |      21 |       0 |   0.0
     Lair:2 |     480 |     188 |  28.1 |       3 |       2 |  40.0
    Ossuary |       0 |     666 | 100.0 |       0 |      35 | 100.0
            +---------+---------+-------+---------+---------+-------
